 Dungeon Crawl Stone Soup version 0.29-a0-72-g1732ff48e7 (webtiles) character file.

Game seed: 797521568486411503

94 Zonian the Magician (level 4, -2/31 HPs)
             Began as a Djinni Ice Elementalist on Feb 3, 2022.
             Was an Initiate of Dithmenos.
             Slain by a centaur (5 damage)
             ... on level 4 of the Dungeon.
             The game lasted 00:09:43 (6612 turns).

Zonian the Magician (Djinni Ice Elementalist)       Turns: 6612, Time: 00:09:43

Health: -2/31      AC:  5    Str:  7    XL:     4   Next: 94%
Gold:   365        EV: 13    Int: 19    God:    Dithmenos [......] SH:  0 Dex: 13

rFire   + + .      SeeInvis .   i - +0 short sword
rCold   x . .      Faith    .   (no shield)
rNeg    . . .      Spirit   .   a - +0 robe
rPois   ∞          Reflect  .   m - +2 helmet
rElec   .          Harm     .   (no cloak)
rCorr   .          Rampage  .   (no gloves)
Will    .....                   (boots unavailable)
Stlth   ++........              h - amulet of the acrobat
HPRegen 0.10/turn               e - ring of wizardry
MPRegen 0.00/turn               (no ring)

@: freezing walls, flying
A: sickness immunity, fire resistance 2, cold vulnerability 1, float, innate
caster, HP casting, extra vitality 1
a: Renounce Religion


You were on level 4 of the Dungeon.
You worshipped Dithmenos.
Dithmenos was noncommittal.
You visited 1 branch of the dungeon, and saw 4 of its levels.

You collected 365 gold pieces.

Inventory:

Hand Weapons
 f - a +0 spear
 g - a +0 falchion
 i - a +0 short sword (weapon)
 j - a +0 hunting sling
 l - a +1 dagger of distortion
Armour
 a - a +0 robe (worn)
 b - a +0 buckler
 m - a +2 helmet (worn)
Magical Staves
 d - a staff of air
Jewellery
 e - a ring of wizardry (left hand)
 h - an amulet of the acrobat (around neck)
Scrolls
 c - a scroll of enchant armour
 k - a scroll of holy word
Potions
 n - a potion of mutation


   Skills:
 + Level 3.3 Dodging
 + Level 2.6 Stealth
 + Level 3.7 Spellcasting
 + Level 0.6 Invocations


You couldn't memorise any spells.
You knew the following spells:

 Your Spells              Type           Power      Damage    Failure   Level
a - Freeze                Ice            68%        1d8       1%          1
b - Frozen Ramparts       Ice            34%        1d5       3%          3
c - Ozocubu's Armour      Ice            17%        N/A       3%          3
d - Hailstorm             Conj/Ice       17%        3d6       12%         4
e - Sting                 Tmut/Pois      68%        1d6       1%          1
Your spell library was empty.

Dungeon Overview and Level Annotations

Branches:
Dungeon (4/15)
 Temple: D:4-7

Altars:
Cheibriados
Dithmenos


Innate Abilities, Weirdness & Mutations

You are immune to sickness and miasma.
You are immune to poison.
Your flesh is very heat resistant. (rF++)
You are vulnerable to cold. (rC-)
You float through the air rather than walking.
You learn spells naturally, not from books.
Your magical power is your life essence.
You have superior vitality. (+4 MHP)


Message History

Unknown command.
Casting: Ozocubu's Armour (dangerous; 3% risk of failure)
Confirm with . or Enter, or press ? or * to list all spells.
You can't see any susceptible monsters within range! (Use Z to cast anyway.) Unknown command.
Casting: Ozocubu's Armour (dangerous; 3% risk of failure)
Confirm with . or Enter, or press ? or * to list all spells.
Okay, then.
Casting: Ozocubu's Armour (dangerous; 3% risk of failure)
Confirm with . or Enter, or press ? or * to list all spells.
Casting: Frozen Ramparts (dangerous; 3% risk of failure)
Press: ? - help, Dir - look around, f - activate The walls around you are covered in ice.
The centaur shoots an arrow.
The arrow hits you.
The centaur shoots an arrow.
The arrow barely misses you.
Unknown command.
The centaur shoots an arrow.
The arrow completely misses you.
Unknown command.
The centaur shoots an arrow.
The arrow misses you.
The centaur shoots an arrow.
The arrow hits you!
Unknown command.
Your icy armour and frozen ramparts will break if you move.
Continue?
Your icy armour cracks and falls away as you move.
The frozen ramparts melt away as you move.
Unknown command.
Casting: Frozen Ramparts (dangerous; 3% risk of failure)
Confirm with . or Enter, or press ? or * to list all spells.
Casting: Frozen Ramparts (dangerous; 3% risk of failure)
Press: ? - help, Dir - look around, f - activate The walls around you are covered in ice.
* * * LOW HITPOINT WARNING * * *
The wall freezes the centaur.
The centaur shoots an arrow.
The arrow hits you.
* * * LOW HITPOINT WARNING * * *
The wall freezes the centaur.
Okay, then.
You hit the centaur.
The centaur is lightly wounded.
The wall freezes the centaur.
The centaur unwields a +0 shortbow.
The centaur hits you.
You die...

## .###
...###
##...###
###...###
###...###
###...#####
##......####
#......c@.#
#....######
##....#
#....##
#....#
#...##
##...#
#c..## #...#


You could see a centaur.

Vanquished Creatures
  Robin (D:3)
  A worm (D:4)
  A dart slug (D:1)
  6 ball pythons
  3 bats
  4 endoplasms
  7 giant cockroaches
  14 goblins
  5 hobgoblins
  10 jackals
  8 kobolds
  3 quokkas
  3 rats
66 creatures vanquished.

Vanquished Creatures (others)
  3 fungi (D:1)
  3 toadstools (D:1)
6 creatures vanquished.

Grand Total: 72 creatures vanquished

Notes
Turn   | Place    | Note
-------+----------+-------------------------------------------
     0 | D:1      | Zonian the Djinni Ice Elementalist began the quest for the
                  | Orb.
     0 | D:1      | Reached XP level 1. HP: 15/15 MP: 0/0
   242 | D:1      | Reached XP level 2. HP: 15/21 MP: 0/0
   517 | D:1      | Found a faded altar of an unknown god.
  1404 | D:1      | Reached XP level 3. HP: 21/25 MP: 0/0
  1404 | D:1      | Learned a level 1 spell: Sting
  2996 | D:2      | Reached XP level 4. HP: 12/31 MP: 0/0
  3447 | D:3      | Noticed Robin
  3685 | D:3      | Found a shadowy altar of Dithmenos.
  3691 | D:3      | Became a worshipper of Dithmenos the Shadowed
  3990 | D:3      | Found a snail-covered altar of Cheibriados.
  4675 | D:3      | Killed Robin
  6462 | D:4      | Noticed a lemure
  6517 | D:4      | Noticed a centaur
  6612 | D:4      | Slain by a centaur

Illustrated notes

Levels and vault maps discovered:
D:1:      giann_wishing_wells, layout_basic,
          hellmonk_ecumenical_altar_crossroads, hangedman_decor_peaks_small,
          minmay_gold_behind_fungi, minmay_stone_trees_small
D:2:      layout_loops_ring
D:3:      layout_basic, slow_altar_1, grunt_dithmenos_smoke, uniq_robin
D:4:      layout_cave_pods, kennysheep_big_empty_room,
          minmay_fractal_squares_diagonal_5, uniq_pikel

Skill      XL: |  1  2  3 |
---------------+----------+-----
Stealth        | 2 |  2.6
Dodging        | 3 |  3.3
Spellcasting   | |  3.7
Invocations    | |  0.6

Action                   |  1- 3 |  4- 6 || total
-------------------------+-------+-------++-------
Melee: Unarmed           |     6 |       ||     6
       Short sword       |    13 |    25 ||    38
 Cast: Freeze            |    59 |    35 ||    94
       Sting             |       |     8 ||     8
       Frozen Ramparts   |       |     3 ||     3
       Ozocubu's Armour  |       |     1 ||     1
  Use: Scroll            |       |     6 ||     6
 Stab: Sleeping          |       |     2 ||     2
Armor: Robe              |     8 |     7 ||    15
Dodge: Dodged            |    61 |    54 ||   115

Table legend: (Time is in decaauts)
 A = Elapsed time spent in this place.
 B = Non-inter-level travel time spent in this place.
 C = Inter-level travel time spent in this place.
 D = Time resting spent in this place.
 E = Time spent auto-exploring this place.
 F = Levels seen in this place.
 G = Mean time per level.
                   A        B        C        D        E       F      G
               +--------+--------+--------+--------+--------+-----+--------+
         Total |   6619 |   6510 |    109 |   2673 |   2779 |   4 | 1654.8 |
       Dungeon |   6619 |   6510 |    109 |   2673 |   2779 |   4 | 1654.8 |
               +--------+--------+--------+--------+--------+-----+--------+

Top non-repeatable levels by time:
     D:2: 2351 daAuts
     D:1: 2103 daAuts
     D:3: 1643 daAuts
     D:4: 521 daAuts
